 Dungeon Crawl Stone Soup version 0.25.0-26-g0c896c7088 (webtiles) character file.

Game seed: 6806327119666267748

2559 protoss039 the Covert (level 9, -4/61 HPs)
             Began as a Vampire Enchanter on July 3, 2020.
             Killed by divine providence
             ... invoked by an orc priest
              (14 damage)
             ... on level 7 of the Dungeon.
             The game lasted 00:36:41 (6996 turns).

protoss039 the Covert (Vampire Enchanter)           Turns: 6996, Time: 00:36:42

Health: -4/61      AC:  4    Str:  7    XL:     9   Next: 31%
Magic:  4/18       EV: 14    Int: 18    God:
Gold:   328        SH:  0    Dex: 17    Spells: 8/20 levels left

rFire    . . .     SeeInvis +   q - +1 dagger (elec)
rCold    . . .     Gourm    .   (no shield)
rNeg     . . .     Faith    .   b - +0 robe
rPois    +         Spirit   .   (no helmet)
rElec    .         Reflect  .   c - +0 cloak
rCorr    .         Harm     .   (no gloves)
MR       .....                  y - +0 pair of boots
Stlth    +++++.....             (no amulet)
HPRegen  0.40/turn              e - ring of poison resistance
MPRegen  0.16/turn              (no ring)

@: regenerating quickly
A: no food, fangs 3, see invisible, unbreathing
a: Exsanguinate


You were on level 7 of the Dungeon.
You were alive.

You visited 1 branch of the dungeon, and saw 9 of its levels.

You collected 328 gold pieces.

Inventory:

Hand Weapons
 q - a +1 dagger of electrocution (weapon)
 v - the +6 mace of Oruxausi {drain, rPois rF- rC+++ Dex+3}
   (You found it on level 5 of the Dungeon)

   A truly terrible weapon, it drains the life of those it strikes.
   It affects your dexterity (+3).
   It makes you vulnerable to fire.
   It renders you almost immune to cold.
   It protects you from poison.
Missiles
 i - 7 curare-tipped darts (quivered)
 l - 16 poisoned darts
Armour
 b - a +0 robe (worn)
 c - a +0 cloak (worn)
 y - a +0 pair of boots (worn)
Jewellery
 e - a ring of poison resistance (left hand)
Wands
 s - a wand of flame (10)
Scrolls
 d - 9 scrolls of teleportation
 f - 3 scrolls of remove curse
 g - a scroll of enchant armour {unknown}
 h - 4 scrolls of identify {unknown}
 k - a scroll of fog {unknown}
 m - a scroll of immolation {unknown}
 o - a scroll of enchant weapon {unknown}
 r - a scroll of amnesia {unknown}
 t - 2 scrolls of blinking {unknown}
 x - a scroll of holy word {unknown}
 z - 3 scrolls of random uselessness {unknown}
Potions
 a - 2 potions of curing {unknown}
 j - a potion of might {unknown}
 n - 3 potions of brilliance {unknown}
 p - 3 potions of heal wounds {unknown}
 u - a potion of lignification {unknown}
 w - a potion of invisibility {unknown}
 A - a potion of stabbing {unknown}


   Skills:
 + Level 1.8 Fighting
 + Level 3.8 Short Blades
 + Level 3.6 Dodging
 + Level 11.3 Stealth
 + Level 6.1 Spellcasting
 + Level 10.7 Hexes


You had 8 spell levels left.
You knew the following spells:

 Your Spells              Type           Power        Failure   Level  Hunger
a - Corona                Hex            #####..      1%          1    N/A
b - Confusing Touch       Hex            #####...     1%          3    N/A
c - Ensorcelled Hibernat  Hex/Ice        ###...       1%          2    N/A
d - Tukima's Dance        Hex            #####...     1%          3    N/A
e - Dazzling Flash        Conj/Hex       ###...       4%          3    N/A

Your spell library contained the following spells:

 Spells                   Type           Power        Failure   Level  Hunger


Dungeon Overview and Level Annotations

Branches:
Dungeon (9/15)                Orc (0/2) D:9
 Temple: D:4-7         Lair: D:8-11

Altars:
Ashenzari
Fedhas
Nemelex Xobeh
Okawaru
Ru
Sif Muna
Trog
Vehumet
Yredelemnul

Shops:
D:5 [   D:6 ?

Annotations:
D:4 1 exclusion
D:5 1 exclusion


Innate Abilities, Weirdness & Mutations

You do not eat.
Your natural rate of healing is unusually fast.
You have razor-sharp teeth.
You have supernaturally acute eyesight. (SInv)
You can survive without breathing.


Message History

Unknown command.
The orc wizard gestures at you while chanting.
The puff of frost hits you but does no damage.
Unknown command.
Unknown command.
The orc wizard gestures at you while chanting.
The magic dart hits you.
* * * LOW HITPOINT WARNING * * *
Unknown command.
The orc priest casts a cantrip, but nothing happens.
Unknown command.
Unknown command.
Unknown command.
Unknown command.
Unknown command.
The orc wizard gestures wildly while chanting.
The orc wizard seems to speed up.
The orc priest mumbles some strange prayers to Beogh against you.
Beogh smites you!
You die...

###
#>####
#....+
#@####
#####.#
#.....#
#.###.#
#.###.#
#....o#
####.o#
#..#
#..#
#.#


You could see an orc priest and an orc wizard (fast).

Vanquished Creatures
  Sigmund (D:2)
  2 ice beasts
  A sky beast (D:5)
  An orc warrior (D:6)
  2 phantoms (D:4)
  2 ogres
  4 bullfrogs
  5 scorpions
  Dowan (D:5)
  6 crimson imps
  A centaur zombie (D:6)
  A quasit (D:6)
  A hound (D:4)
  2 jellies (D:5)
  7 orc wizards
  An orc priest (D:6)
  A centaur skeleton (D:4)
  Jessica (D:3)
  3 worker ants (D:8)
  An iguana (D:7)
  A hound zombie (D:5)
  A worker ant zombie (D:5)
  5 gnolls
  15 adders
  2 shadow imps
  3 oozes
  An adder skeleton (D:8)
  A worm (D:2)
  A dart slug (D:4)
  6 leopard geckos
  14 orcs
  5 ball pythons
  A giant cockroach (D:5)
  5 goblins
  7 hobgoblins
  11 jackals
  8 kobolds
  A quokka (D:4)
  3 bats
  8 frilled lizards
  A jackal skeleton (D:6)
  9 rats
153 creatures vanquished.

Vanquished Creatures (collateral kills)
  Duvessa (D:5)
  An orc priest (D:5)
  3 orcs (D:5)
5 creatures vanquished.

Vanquished Creatures (others)
  A dancing weapon (D:5)
1 creature vanquished.

Grand Total: 159 creatures vanquished

Notes
Turn   | Place    | Note
-------+----------+-------------------------------------------
     0 | D:1      | protoss039 the Vampire Enchanter began the quest for the
                  | Orb.
     0 | D:1      | Reached XP level 1. HP: 13/13 MP: 3/3
   212 | D:1      | Reached XP level 2. HP: 14/19 MP: 1/5
   864 | D:2      | Reached skill level 5 in Stealth
   878 | D:2      | Found a radiant altar of Vehumet.
   919 | D:2      | Reached skill level 5 in Hexes
   919 | D:2      | Reached XP level 3. HP: 15/24 MP: 4/6
   942 | D:2      | Found a shimmering blue altar of Sif Muna.
   964 | D:2      | Found a shattered altar of Ashenzari.
  1103 | D:2      | Learned a level 3 spell: Confusing Touch
  1106 | D:2      | Learned a level 2 spell: Ensorcelled Hibernation
  1458 | D:2      | Found an iron altar of Okawaru.
  1631 | D:2      | Noticed Sigmund
  1643 | D:2      | Killed Sigmund
  1643 | D:2      | Reached XP level 4. HP: 14/31 MP: 0/8
  1643 | D:2      | Reached XP level 5. HP: 16/36 MP: 0/9
  2071 | D:3      | Learned a level 3 spell: Tukima's Dance
  2223 | D:3      | Noticed Jessica
  2230 | D:3      | Killed Jessica
  2286 | D:3      | Reached XP level 6. HP: 42/42 MP: 11/11
  2296 | D:3      | Found a bloodstained altar of Trog.
  2549 | D:3      | Found a sacrificial altar of Ru.
  2712 | D:4      | Reached skill level 1 in Fighting
  2712 | D:4      | Reached skill level 6 in Stealth
  2717 | D:4      | Learned a level 3 spell: Dazzling Flash
  2873 | D:4      | Reached XP level 7. HP: 48/48 MP: 7/13
  2938 | D:4      | Reached skill level 7 in Stealth
  3431 | D:4      | Found a sparkling altar of Nemelex Xobeh.
  3511 | D:4      | Reached skill level 8 in Stealth
  3934 | D:5      | Entered Level 5 of the Dungeon
  4038 | D:5      | Found a basalt altar of Yredelemnul.
  4126 | D:5      | Reached XP level 8. HP: 55/55 MP: 15/15
  4139 | D:5      | Found Ataegadgh's Armour Shoppe.
  4164 | D:5      | Reached skill level 9 in Stealth
  4438 | D:5      | Reached skill level 5 in Spellcasting
  4536 | D:5      | Noticed Dowan
  4561 | D:5      | Identified the +6 mace of Oruxausi {drain, rPois rF- rC+++
                  | Dex+3}
  4576 | D:5      | Killed Dowan
  4913 | D:5      | Found a blossoming altar of Fedhas.
  4917 | D:5      | Noticed Duvessa
  4942 | D:5      | Killed Duvessa
  5312 | D:5      | Reached skill level 10 in Stealth
  6002 | D:6      | Reached skill level 10 in Hexes
  6154 | D:6      | Reached XP level 9. HP: 61/61 MP: 17/17
  6324 | D:6      | Found Henireff's Magic Scroll Emporium.
  6570 | D:6      | You fall into a shaft and drop 3 floors!
  6586 | D:9      | Found a staircase to the Orcish Mines.
  6643 | D:8      | Reached skill level 11 in Stealth
  6996 | D:7      | Killed from afar by an orc priest

Illustrated notes

Levels and vault maps discovered:
D:1:      minmay_arrival_shoal_huts, layout_loops_ring, serial_park_tiny_1
D:2:      layout_loops_cross, okawaru_gym_becter, fiery_altar_vehumet,
          lemuel_blue_sif_altar, first_ration, chequers_serial_rivers_micro_a,
          ashenzari_altar_1, uniq_sigmund
D:3:      layout_basic, marbit_many_paths, nicolae_overflow_crystal_walls,
          uniq_jessica
D:4:      layout_basic, old_standard_altar
D:5:      layout_loops_ring, old_standard_altar, kennysheep_little_box,
          serial_shops, shop, kennysheep_generic_room_7, uniq_duvessa
D:6:      layout_basic, serial_shops, shop_scrolls
D:7:      minmay_the_grid_triangle_9x9_rhombus_thin
          [minmay_the_grid_triangle_9x9_corrupted_corridor,
          minmay_the_grid_triangle_9x9_prize_insulated,
          minmay_the_grid_triangle_9x9_dagger,
          minmay_the_grid_triangle_9x9_impossible_snake], layout_basic,
          minmay_temple_entry_butterflies
D:8:      layout_cave_pods
D:9:      layout_basic, old_standard_altar, kennysheep_mini_moat,
          lemuel_coloured_pillars_altar, old_standard_altar,
          nicolae_tso_carved_into_rock, orc_0_dummy

Skill      XL: |  1  2  3  4  5  6  7  8  9 |
---------------+----------------------------+-----
Stealth        | 5 6 8 10 11 | 11.3
Hexes          | 5 6 7 10 | 10.7
Short Blades   | 2 3 |  3.8
Dodging        | 3 |  3.6
Spellcasting   | 3 4 5 6 |  6.1
Fighting       | 1 |  1.8

Action                   |  1- 3 |  4- 6 |  7- 9 || total
-------------------------+-------+-------+-------++-------
Melee: Dagger            |   162 |    47 |   200 ||   409
       Bite              |    12 |     4 |    16 ||    32
Throw: Dart              |     1 |       |       ||     1
 Cast: Corona            |    44 |    10 |    37 ||    91
       Confusing Touch   |     2 |     1 |    25 ||    28
       Ensorcelled Hiber |       |    14 |    67 ||    81
       Tukima's Dance    |       |       |    14 ||    14
  Use: Scroll            |       |       |     3 ||     3
 Stab: Sleeping          |     7 |    16 |    55 ||    78
       Confused          |     2 |     1 |    16 ||    19
       Distracted        |       |     1 |       ||     1
Armor: Robe              |    25 |     7 |    37 ||    69
Dodge: Dodged            |   108 |    24 |   106 ||   238
